 Dungeon Crawl Stone Soup version 0.22.0-49-gab54619674 (webtiles) character file.

102 JedernureinKreuz the Conjurer (level 4, -3/24 HPs)
             Began as a Deep Elf Conjurer on Sept 6, 2018.
             Killed by divine providence
             ... invoked by an orc priest
              (11 damage)
             ... on level 3 of the Dungeon.
             The game lasted 00:30:13 (3025 turns).

JedernureinKreuz the Conjurer (Deep Elf Conjurer)   Turns: 3025, Time: 00:30:14

Health: -3/24      AC:  2    Str:  5    XL:     4   Next: 49%
Magic:  4/11       EV: 13    Int: 21    God:
Gold:   100        SH:  0    Dex: 15    Spells: 0/10 levels left

rFire    + . .     SeeInvis .   x - +1 dagger (drain)
rCold    x . .     Gourm    .   (no shield)
rNeg     . . .     Faith    .   a - +0 robe
rPois    .         Spirit   .   p - +0 hat
rElec    .         Reflect  .   (no cloak)
rCorr    .         Harm     .   (no gloves)
MR       .....                  (no boots)
Stlth    ++........             (no amulet)
HPRegen  0.08/turn              f - ring of fire
MPRegen  0.12/turn              s - +3 ring of slaying

@: very slightly contaminated
A: no striking features
a: no special abilities


You were on level 3 of the Dungeon.
You were not hungry.

You visited 1 branch of the dungeon, and saw 4 of its levels.

You collected 100 gold pieces.

Inventory:

Hand Weapons
 d - a +0 short sword
 e - a +0 dagger
 k - a +2 whip of venom
 x - a +1 dagger of draining (weapon)
 y - a +1 hand axe of electrocution
Armour
 a - a +0 robe (worn)
 p - a +0 hat (worn)
Jewellery
 f - a ring of fire (left hand)
 s - a +3 ring of slaying (right hand)
Scrolls
 g - a scroll of teleportation {unknown}
 j - a scroll of magic mapping {unknown}
 l - 4 scrolls of immolation {unknown}
 m - 2 scrolls of identify {unknown}
 n - 2 scrolls of remove curse
 q - a scroll of enchant weapon {unknown}
 r - a scroll of blinking {unknown}
 t - a scroll of fog {unknown}
Potions
 h - a potion of curing {unknown}
 i - 2 potions of cancellation {unknown}
 u - a potion of ambrosia {unknown}
 v - a potion of degeneration {unknown}
 w - a potion of magic {unknown}
Comestibles
 c - 5 rations


   Skills:
 + Level 1.5 Short Blades
 + Level 3.2 Dodging
 + Level 3.5 Stealth
 + Level 3.8 Spellcasting
 + Level 5.0 Conjurations


You couldn't memorise any spells.
You knew the following spells:

 Your Spells              Type           Power        Failure   Level  Hunger
a - Magic Dart            Conj           ####         1%          1    None
b - Searing Ray           Conj           ####..       2%          2    #......
c - Dazzling Spray        Conj/Hex       ##....       13%         3    ###....
d - Iskenderun's Mystic   Conj           ####....     16%         4    ####...

Your spell library contained the following spells:

 Spells                   Type           Power        Failure   Level  Hunger
 Force Lance              Conj/Tloc      ##......     41%         4    ####...
 Fulminant Prism          Conj/Hex       ##........   41%         4    ####...


Dungeon Overview and Level Annotations

Branches:
Dungeon (4/15)
 Temple: D:4-7

Altars:
Trog


Message History

The orc priest is no longer blind.
Casting: Dazzling Spray (safe; 13% risk of failure)
Confirm with . or Enter, or press ? or * to list all spells.
Aiming: Dazzling Spray (safe; 13% risk of failure)
Press: ? - help, Shift-Dir - straight line, f/p - orc priest
Aim: an orc priest, wielding a flail (lightly wounded)
You miscast Dazzling Spray.
You are very lightly contaminated with residual magic.
Your skin glows momentarily.
The orc priest invokes the aid of Beogh against you.
You barely resist.
Casting: Dazzling Spray (safe; 13% risk of failure)
Confirm with . or Enter, or press ? or * to list all spells.
Aiming: Dazzling Spray (safe; 13% risk of failure)
Press: ? - help, Shift-Dir - straight line, f/p - orc priest
Aim: an orc priest, wielding a flail You miscast Dazzling Spray.
Nothing appears to happen.
The orc priest mumbles some strange prayers to Beogh against you.
Beogh smites you!
You die...

..# #(.....# ##).#...# ######
###.....# ##.####.#######
.....####.......#
#..#..........#
.....(....#.....#
#.##..........#
#####.#####.....#
#.##..........# #.....).#.o##
#.##..(.......#
#######....####.##..........#
###........#...<......#
##..@.#..#..........#
#######.......############
######........#..#.#
###......#####.##..(.#
....######.....##...## #####
#..#######..# ###.## ##...#
#..># ##....######## #.###
###..#.........#


You could see an orc priest.

Vanquished Creatures
  2 adders
  4 worms (D:3)
  3 dart slugs
  A leopard gecko (D:3)
  An orc (D:3)
  6 giant cockroaches
  6 goblins
  12 hobgoblins
  5 jackals
  A ball python (D:1)
  2 bats
  2 frilled lizards
  7 kobolds
  8 rats
60 creatures vanquished.

Notes
Turn   | Place    | Note
-------+----------+-------------------------------------------
     0 | D:1      | JedernureinKreuz the Deep Elf Conjurer began the quest for
                  | the Orb.
     0 | D:1      | Reached XP level 1. HP: 10/10 MP: 6/6
   126 | D:1      | Reached XP level 2. HP: 13/15 MP: 0/8
   563 | D:1      | Reached XP level 3. HP: 19/19 MP: 5/9
   676 | D:1      | Reached skill level 1 in Short Blades
  2014 | D:3      | Reached XP level 4. HP: 18/24 MP: 7/11
  2100 | D:3      | Learned a level 2 spell: Searing Ray
  2104 | D:3      | Learned a level 3 spell: Dazzling Spray
  2109 | D:3      | Learned a level 4 spell: Iskenderun's Mystic Blast
  2277 | D:3      | Noticed a moth of wrath
  2280 | D:3      | Found a bloodstained altar of Trog.
  2653 | D:3      | Reached skill level 5 in Conjurations
  3025 | D:3      | Killed from afar by an orc priest

Skill      XL: |  1  2  3  4 |
---------------+-------------+-----
Stealth        | 3 |  3.5
Short Blades   | 1 |  1.5
Dodging        | 3 |  3.2
Conjurations   | 5 |  5.0
Spellcasting   | |  3.8

Action                   |  1- 3 |  4- 6 || total
-------------------------+-------+-------++-------
Melee: Dagger            |    29 |     8 ||    37
       Spear             |    10 |       ||    10
Throw: Stone             |     3 |       ||     3
 Cast: Magic Dart        |    87 |    49 ||   136
       Searing Ray       |       |     4 ||     4
       Iskenderun's Myst |       |     1 ||     1
       Dazzling Spray    |       |     1 ||     1
  Use: Scroll            |       |     1 ||     1
 Stab: Sleeping          |     1 |       ||     1
  Eat: Chunk             |     2 |     3 ||     5
       Ration            |       |     1 ||     1
Armor: Robe              |     6 |     2 ||     8
Dodge: Dodged            |    42 |     9 ||    51
